[Event "Titled Tuesday Blitz August 16 Late 2022"]
[White "Dilanyan, Grigor"]
[Black "Al-Tarboush, Ward"]
[WhiteFideId "13303570"]
[BlackFideId "7601450"]
[WhiteElo "2264"]
[BlackElo "2234"]
[Result "0-1"]
[Round "06"]
[TimeControl "180+1"]
[Date "2022.08.18"]
[WhiteClock "0:00:00"]
[BlackClock "0:00:00"]

1. d4 d5 2. Nf3 Nf6 3. c3 Nc6 4. Bf4 Bg4 5. e3 e6 6. Nbd2 Bd6 7. h3 Bh5 8. Bd3 O-O 9. Bg5 h6 10. Bh4 e5 11. g4 Bg6 12. Bxg6 fxg6 13. Qb3 exd4 14. Bxf6 Qxf6 15. cxd4 Qf7 16. Qxb7 Nb4 17. Ke2 Rfb8 18. Qxa8 Rxa8 19. a3 Nc6 20. Rac1 Ne7 21. Rc3 Rb8 22. b4 Qe8 23. Rhc1 Qb5+ 24. Ke1 a5 25. Rxc7 Bxc7 26. Rxc7 Nc6 27. bxa5 Nxa5 28. Rc5 Qa4 29. Rxd5 Nc4 30. Rc5 Nb2 31. Kf1 Nd3 32. Rc7 Qd1+ 33. Kg2 Qe2 34. Ne4 Re8 35. Ne5 Nxe5 36. dxe5 Rxe5 37. Rc8+ Kh7 38. Ng3 Qa6 39. Rf8 Qb7+ 40. Kh2 Rb5 41. h4 Qe7 42. Rf4 Qxh4+ 43. Kg2 Rb1 44. a4 Qd8 45. Rd4 Qa8+ 46. Kh2 Rb2 47. Rf4 Ra2 48. g5 Rxa4 49. Rf7 Rh4+ 50. Kg1 h5 51. Rd7 Rg4 52. Kh2 h4 0-1


[Site "https://www.chess.com"]

[Event "Titled Tuesday Blitz August 16 Late 2022"]
[White "Do Nascimento,Christian Almeida"]
[Black "Zenin, Dmitry"]
[WhiteFideId "2143801"]
[BlackFideId "4127897"]
[WhiteElo "2085"]
[BlackElo "2215"]
[Result "0-1"]
[Round "06"]
[TimeControl "180+1"]
[Date "2022.08.18"]
[WhiteClock "0:00:00"]
[BlackClock "0:00:00"]

1. d4 Nf6 2. Bg5 d5 3. Nd2 Nbd7 4. e3 c5 5. c3 b6 6. Bd3 Bb7 7. f4 e6 8. Ngf3 Qc7 9. O-O Ne4 10. Bh4 f5 11. Ne5 Nxe5 12. fxe5 c4 13. Bc2 b5 14. Nxe4 dxe4 15. a4 b4 16. cxb4 Bxb4 17. a5 O-O 18. a6 Bd5 19. Kh1 Rab8 20. g4 Be7 21. Bxe7 Qxe7 22. gxf5 exf5 23. Rb1 Qh4 24. Rf4 Qh3 25. Qe2 Kh8 26. Ba4 g5 27. Rff1 f4 28. Qg2 Qxe3 29. Qxg5 Qxd4 30. Rbd1 e3+ 31. Kg1 Qe4 32. Rxd5 Qxd5 33. Rxf4 Rg8 0-1


[Site "https://www.chess.com"]

[Event "Titled Tuesday Blitz August 16 Late 2022"]
[White "Fernandez Hernandez, Gerardo"]
[Black "McBryde, Lamel"]
[WhiteFideId "2207400"]
[BlackFideId "2058596"]
[WhiteElo "2169"]
[BlackElo "2136"]
[Result "0-1"]
[Round "06"]
[TimeControl "180+1"]
[Date "2022.08.18"]
[WhiteClock "0:00:00"]
[BlackClock "0:00:00"]

1. e4 Nf6 2. e5 Nd5 3. c4 Nb6 4. d4 d6 5. exd6 cxd6 6. Nc3 g6 7. Be3 Bg7 8. Rc1 O-O 9. b3 Bf5 10. Nf3 d5 11. c5 Nc8 12. Bd3 Bg4 13. h3 Bxf3 14. Qxf3 e6 15. O-O Nc6 16. Ne2 a6 17. a3 e5 18. Qg3 e4 19. Bb1 N8e7 20. Rfd1 Nf5 21. Qh2 Nxe3 22. fxe3 Ne7 23. g4 Bh6 24. Nf4 f5 25. Rf1 fxg4 26. hxg4 Bg5 27. Qg3 Qc7 28. b4 Nc6 29. Ba2 Rad8 30. Kg2 Kh8 31. Ne6 Qxg3+ 32. Kxg3 Bxe3 33. Rce1 Rxf1 34. Rxf1 Re8 35. Nc7 Rd8 36. Nxd5 Bxd4 37. Re1 e3 38. Nxe3 Re8 39. Ng2 Rxe1 40. Nxe1 Bb2 41. Kf2 Bxa3 42. Nd3 Bxb4 43. Ke2 Ba3 44. Kd2 Kg7 45. Kc2 Kf6 46. Bd5 Nb4+ 47. Kb3 Nxd3 48. Kxa3 Nxc5 49. Bc4 b5 50. Be2 Ne4 51. Kb4 Kg5 52. Ka5 Nf6 53. Kxa6 b4 54. Kb5 b3 55. Bd3 b2 56. Bb1 Nxg4 57. Kc4 h5 58. Kc3 h4 59. Kxb2 Kf4 60. Kc3 h3 61. Bd3 h2 62. Bf1 h1=Q 63. Bg2 Qxg2 64. Kc4 Qe4+ 65. Kc5 Qd3 0-1


[Site "https://www.chess.com"]

[Event "Titled Tuesday Blitz August 16 Late 2022"]
[White "Filgueira, Hernan"]
[Black "Prydun, Andriy"]
[WhiteFideId "101770"]
[BlackFideId "14145898"]
[WhiteElo "2363"]
[BlackElo "2163"]
[Result "1/2-1/2"]
[Round "06"]
[TimeControl "180+1"]
[Date "2022.08.18"]
[WhiteClock "0:00:00"]
[BlackClock "0:00:00"]

1. Nf3 Nf6 2. g3 d6 3. d4 Nbd7 4. Nc3 c5 5. Bg2 cxd4 6. Nxd4 a6 7. e4 e6 8. a4 Be7 9. O-O O-O 10. a5 Qc7 11. Nb3 Rd8 12. Be3 Rb8 13. Qe2 b6 14. axb6 Nxb6 15. Na5 Nfd7 16. Rfc1 Bf6 17. Nd1 Nc5 18. Ra2 d5 19. exd5 Nxd5 20. Qc4 Be7 21. Bd2 Nb6 22. Qe2 Bd7 23. b3 Nd5 24. Nc4 Bb5 25. Ndb2 Nb6 1/2-1/2


[Site "https://www.chess.com"]

[Event "Titled Tuesday Blitz August 16 Late 2022"]
[White "Floresvillar Gonzalez, Luis Migu"]
[Black "Blanco Ronquillo, Humberto L."]
[WhiteFideId "5100542"]
[BlackFideId "3504239"]
[WhiteElo "2040"]
[BlackElo "2425"]
[Result "0-1"]
[Round "06"]
[TimeControl "180+1"]
[Date "2022.08.18"]
[WhiteClock "0:00:00"]
[BlackClock "0:00:00"]

1. d4 Nf6 2. c3 d5 3. Bg5 Nbd7 4. Nd2 h6 5. Bf4 e6 6. e3 Bd6 7. Bd3 Bxf4 8. exf4 c5 9. dxc5 Nxc5 10. Be2 Qb6 11. b4 Nce4 12. Nxe4 Nxe4 13. Qd4 Qxd4 14. cxd4 Bd7 15. Rc1 Ke7 16. f3 Nd6 17. Nh3 Nf5 18. Kf2 Nxd4 19. Rhd1 Nxe2 20. Kxe2 Rhc8 21. Nf2 Ba4 22. Re1 Bb5+ 23. Ke3 Bc4 24. a3 a5 25. bxa5 Rxa5 26. Rc3 Rca8 27. Ra1 b5 28. Nd3 Bxd3 29. Kxd3 b4 30. Rb3 Rxa3 31. Raxa3 bxa3 32. Rb1 a2 33. Ra1 Kd6 34. g4 Ra3+ 35. Ke2 d4 36. h4 Kd5 37. g5 hxg5 38. fxg5 g6 0-1


[Site "https://www.chess.com"]

[Event "Titled Tuesday Blitz August 16 Late 2022"]
[White "Foerster-Yialamas, Lucas"]
[Black "Altman, Joshua"]
[WhiteFideId "30901774"]
[BlackFideId "426210"]
[WhiteElo "1804"]
[BlackElo "1945"]
[Result "0-1"]
[Round "06"]
[TimeControl "180+1"]
[Date "2022.08.18"]
[WhiteClock "0:00:00"]
[BlackClock "0:00:00"]

1. Nf3 Nf6 2. b3 e6 3. Bb2 b6 4. d3 d5 5. Nbd2 Bb7 6. c4 Be7 7. Qc2 O-O 8. g3 c5 9. Bg2 Nc6 10. a3 Rc8 11. h4 d4 12. h5 h6 13. O-O-O a5 14. e4 a4 15. bxa4 Ra8 16. Nh4 Nb8 17. f4 Ng4 18. Rde1 Ne3 19. Rxe3 dxe3 20. Nf1 Bf6 21. Nxe3 Bxb2+ 22. Qxb2 Qxd3 23. Re1 Bxe4 24. Nef5 exf5 25. Nxf5 Bxf5 26. Bxa8 Qxc4+ 27. Kd2 Rd8+ 28. Ke3 Na6 29. Bb7 Qd4+ 30. Qxd4 cxd4+ 31. Kf3 Nc5 32. Bc6 d3 33. g4 d2 34. Rd1 Bc2 35. Ke2 Bxd1+ 36. Kxd1 Nd3 37. Bf3 Nb2+ 38. Kc2 d1=Q+ 39. Bxd1 Nxd1 40. Kb3 Ne3 41. Kb4 Nxg4 42. Kb5 Rb8 43. a5 bxa5+ 44. Kxa5 Ra8+ 45. Kb4 Nf6 46. a4 Nxh5 47. a5 Nxf4 48. Kb5 Ne6 49. a6 Nc7+ 50. Kb6 Nxa6 51. Kb7 g5 52. Kxa8 g4 53. Kb7 g3 54. Kxa6 g2 55. Kb5 g1=Q 56. Kc4 h5 57. Kd5 h4 58. Ke4 h3 59. Kf5 h2 60. Ke4 h1=Q+ 61. Ke5 Qe1+ 62. Kd4 Qhh4+ 63. Kc5 Qg5+ 64. Kc4 Qgc1+ 65. Kb5 Qed2 66. Ka4 Qdb2 67. Ka5 Qca1# 0-1


[Site "https://www.chess.com"]

[Event "Titled Tuesday Blitz August 16 Late 2022"]
[White "Gallana, Marco"]
[Black "Maltsevskaya, Aleksandra"]
[WhiteFideId "824542"]
[BlackFideId "24174041"]
[WhiteElo "2290"]
[BlackElo "2243"]
[Result "0-1"]
[Round "06"]
[TimeControl "180+1"]
[Date "2022.08.18"]
[WhiteClock "0:00:00"]
[BlackClock "0:00:00"]

1. d4 Nf6 2. c4 g6 3. Nc3 Bg7 4. e4 d6 5. Be2 O-O 6. Nf3 e5 7. O-O Nc6 8. d5 Ne7 9. Kh1 Ne8 10. Ng1 f5 11. f4 fxe4 12. fxe5 Rxf1 13. Qxf1 Bxe5 14. Bg5 h6 15. Bxh6 Nf5 16. Bf4 Qh4 17. Bxe5 dxe5 18. Qe1 Qf4 19. Nh3 Qe3 20. Bg4 Ned6 21. Bxf5 Qxe1+ 22. Rxe1 gxf5 23. c5 Nc4 24. b3 Nb2 25. Nf2 b6 26. Re2 Nd3 27. Nxd3 exd3 28. Rxe5 bxc5 29. Re3 Ba6 30. Kg1 d2 31. Kf2 Rd8 32. Nd1 Rxd5 33. Rc3 Re5 34. Re3 Rd5 35. Rc3 f4 36. g3 Re5 37. gxf4 Re2+ 38. Kf3 Re1 39. Nf2 Rf1 40. Ke3 Rxf2 0-1


[Site "https://www.chess.com"]

[Event "Titled Tuesday Blitz August 16 Late 2022"]
[White "Gheorghiu, Calin"]
[Black "Begmuratov, Khumoyun"]
[WhiteFideId "1200305"]
[BlackFideId "14210207"]
[WhiteElo "2168"]
[BlackElo "1978"]
[Result "1-0"]
[Round "06"]
[TimeControl "180+1"]
[Date "2022.08.18"]
[WhiteClock "0:00:00"]
[BlackClock "0:00:00"]

1. d4 Nf6 2. Nc3 c5 3. d5 e6 4. e4 exd5 5. exd5 d6 6. Nf3 Be7 7. Be2 O-O 8. O-O Re8 9. h3 a6 10. a4 Bf8 11. Bf4 Nbd7 12. Qd2 Rb8 13. a5 b5 14. axb6 Qxb6 15. b3 Bb7 16. Rfe1 g6 17. Bc4 Bg7 18. Ng5 h6 19. Nxf7 Kxf7 20. Re6 Bf8 21. Rae1 Qc7 22. Bxh6 Bxh6 23. Qxh6 Nf8 24. Ne4 Nxe4 25. R6xe4 Rxe4 26. Rxe4 Bc8 27. Rf4+ Bf5 28. g4 Ke7 29. gxf5 Re8 30. fxg6 Kd8 31. g7 Nd7 32. Qg5+ Kc8 33. g8=Q Rxg8 34. Qxg8+ Kb7 35. Qg7 a5 36. Rf7 Kc8 37. Rxd7 Qxd7 38. Qxd7+ Kxd7 39. f4 a4 40. bxa4 Ke7 41. Kf2 Kf6 42. Kf3 Kf5 1-0


[Site "https://www.chess.com"]

[Event "Titled Tuesday Blitz August 16 Late 2022"]
[White "Gomez Ledo, Roberto Carlos"]
[Black "Shimanov, Aleksandr"]
[WhiteFideId "3507076"]
[BlackFideId "4198603"]
[WhiteElo "2379"]
[BlackElo "2605"]
[Result "0-1"]
[Round "06"]
[TimeControl "180+1"]
[Date "2022.08.16"]
[WhiteClock "0:00:08"]
[BlackClock "0:00:04"]

1. d4 Nf6 2. Bf4 g6 3. Nc3 d5 4. Nb5 Na6 5. e3 Bg7 6. h3 O-O 7. Nf3 Ne4 8. Be2 c6 9. Na3 Nc7 10. O-O Ne8 11. c4 Be6 12. Rc1 a6 13. Qb3 Qd7 14. Rfd1 f6 15. cxd5 cxd5 16. Qb6 Bf7 17. Rc2 g5 18. Bh2 Bg6 19. Rdc1 Rf7 20. Ne1 N4d6 21. Bd3 Bxd3 22. Nxd3 e6 23. Bxd6 Qxd6 24. Qxd6 Nxd6 25. Rc7 Re8 26. b3 Bf8 27. Nb1 Nb5 28. Rxf7 Kxf7 29. a4 Na7 30. Kf1 Nc6 31. Nc5 Bxc5 32. Rxc5 h5 33. Nd2 h4 34. Nf3 Ke7 35. Ne1 Kd6 36. Nd3 e5 37. dxe5+ fxe5 38. Rc1 e4 39. Ne1 Rc8 40. Rc2 Rf8 41. Ke2 b5 42. axb5 axb5 43. Rd2 Ra8 44. Nc2 b4 45. Nd4 Nxd4+ 46. Rxd4 Kc5 47. Rd2 Ra3 48. Rc2+ Kd6 49. Rb2 Ke5 50. f3 Kf5 51. Kf2 Ra1 52. Rd2 Ke5 53. g3 Rb1 54. f4+ gxf4 55. gxf4+ Ke6 56. f5+ Ke5 57. f6 Kxf6 58. Rxd5 Rb2+ 59. Kf1 Rxb3 60. Rh5 Rxe3 61. Rxh4 b3 62. Rh6+ Ke5 63. h4 Kd4 64. Rb6 Kc3 65. h5 Rh3 66. h6 b2 67. Kg2 Rh5 68. Kf2 Rh3 69. Kg2 Rh5 70. Kf2 Rh1 71. Kg2 Rxh6 72. Rxh6 b1=Q 0-1


[Site "https://www.chess.com"]

[Event "Titled Tuesday Blitz August 16 Late 2022"]
[White "Goryachkina, Aleksandra"]
[Black "Graif, William"]
[WhiteFideId "4147103"]
[BlackFideId "2609835"]
[WhiteElo "2426"]
[BlackElo "1942"]
[Result "1-0"]
[Round "06"]
[TimeControl "180+1"]
[Date "2022.08.16"]
[WhiteClock "0:00:27"]
[BlackClock "0:00:02"]

1. e4 e5 2. Nf3 Bc5 3. Bc4 Nf6 4. d3 Nc6 5. O-O d6 6. c3 a6 7. a4 h6 8. Nbd2 Ba7 9. b4 Bg4 10. Re1 Qd7 11. Nf1 g5 12. Be3 Nh5 13. Bxa7 Nxa7 14. Ne3 Nf4 15. Nxg4 Qxg4 16. g3 O-O-O 17. d4 Rhg8 18. Bf1 h5 19. b5 a5 20. Nd2 Qd7 21. gxf4 gxf4+ 22. Kh1 Rg6 23. Qf3 Rdg8 24. Bh3 Rg4 25. c4 f5 26. Bxg4 fxg4 27. Qg2 h4 28. h3 f3 29. Nxf3 1-0


[Site "https://www.chess.com"]

[Event "Titled Tuesday Blitz August 16 Late 2022"]
[White "Grischuk, Alexander"]
[Black "Rasulov, Vugar"]
[WhiteFideId "4126025"]
[BlackFideId "13402390"]
[WhiteElo "2762"]
[BlackElo "2509"]
[Result "1/2-1/2"]
[Round "06"]
[TimeControl "180+1"]
[Date "2022.08.16"]
[WhiteClock "0:00:05"]
[BlackClock "0:00:05"]

1. e4 e5 2. Nf3 Nc6 3. Bc4 Nf6 4. d3 Be7 5. O-O O-O 6. Re1 d6 7. a4 Kh8 8. Nc3 Ng8 9. a5 a6 10. Nd5 f5 11. c3 fxe4 12. dxe4 Bg4 13. Be2 Nf6 14. Nxf6 Bxf6 15. Be3 Qe8 16. Nd2 Be6 17. Bg4 Bg8 18. b4 Ne7 19. Qe2 d5 20. exd5 Nxd5 21. Ne4 Qg6 22. Bf3 Rad8 23. Rad1 Be7 24. Bc1 Nf4 25. Bxf4 exf4 26. Rxd8 Rxd8 27. Rd1 Qe8 28. h3 Rxd1+ 29. Qxd1 b6 30. Qd2 bxa5 31. bxa5 Qb5 32. Qxf4 Qxa5 33. g4 h6 34. Kg2 Qb6 35. Qe5 Bd6 36. Qe8 Qb5 37. Qd8 Qe5 38. Nxd6 cxd6 39. h4 Kh7 40. g5 Bd5 41. Bxd5 Qxd5+ 42. Kg3 Qe5+ 43. Kg4 hxg5 44. hxg5 a5 45. f4 Qe2+ 46. Kg3 Qe3+ 47. Kg4 Qe6+ 48. Kg3 a4 49. Qa8 Qe3+ 50. Kg4 Qe6+ 51. Kg3 Qc4 52. f5 Qxc3+ 53. Kg4 Qc4+ 54. Kh5 Qe2+ 55. Kh4 Qh2+ 56. Kg4 Qg1+ 57. Kh5 Qd1+ 58. Kh4 Qe1+ 59. Kh5 Qe2+ 60. Kh4 Qf2+ 61. Kg4 Qg1+ 62. Kh5 Qh2+ 63. Kg4 Qe2+ 64. Kh4 1/2-1/2


[Site "https://www.chess.com"]

[Event "Titled Tuesday Blitz August 16 Late 2022"]
[White "Gubajdullin, Alexei"]
[Black "Wachinger, Guenther"]
[WhiteFideId "4141202"]
[BlackFideId "4604261"]
[WhiteElo "2214"]
[BlackElo "2212"]
[Result "1/2-1/2"]
[Round "06"]
[TimeControl "180+1"]
[Date "2022.08.18"]
[WhiteClock "0:00:00"]
[BlackClock "0:00:00"]

1. Nf3 d5 2. g3 e6 3. Bg2 Nf6 4. O-O Be7 5. b3 O-O 6. Bb2 a5 7. c4 a4 8. cxd5 exd5 9. bxa4 Nbd7 10. Nc3 Nb6 11. d3 Bd7 12. Ne5 Nxa4 13. Nxd7 Qxd7 14. Nxa4 Qxa4 15. Qb3 Qxb3 16. axb3 c6 17. Rxa8 Rxa8 18. Ra1 Rxa1+ 19. Bxa1 Nd7 20. d4 Bf6 21. Kf1 Kf8 22. e3 Ke7 23. Ke2 Kd6 24. Bc3 b6 25. Bd2 c5 26. Kd3 b5 27. dxc5+ Nxc5+ 28. Kc2 Ne4 29. Be1 Kc6 30. f3 Nc5 31. Bh3 Bg5 32. Bd2 Ne6 33. Bf5 g6 34. Bd3 d4 35. f4 dxe3 36. Bxe3 Bf6 37. Be4+ Kd6 38. b4 Bd4 39. Kd3 Bxe3 40. Kxe3 h6 41. f5 gxf5 42. Bxf5 Nc7 43. Kf4 Nd5+ 44. Kg4 Ne3+ 45. Kf4 Nxf5 46. Kxf5 Kd5 47. Kf6 Kc4 48. Kxf7 Kxb4 49. g4 Kc5 50. h4 b4 51. g5 hxg5 52. hxg5 b3 53. g6 b2 54. g7 b1=Q 55. g8=Q Qf5+ 56. Kg7 Qg5+ 57. Kf7 Qf5+ 58. Kg7 Kd6 59. Qf8+ Qxf8+ 60. Kxf8 1/2-1/2


[Site "https://www.chess.com"]

[Event "Titled Tuesday Blitz August 16 Late 2022"]
[White "Hansen, Eric"]
[Black "Bartholomew, John"]
[WhiteFideId "2606771"]
[BlackFideId "2019353"]
[WhiteElo "2568"]
[BlackElo "2700"]
[Result "1/2-1/2"]
[Round "06"]
[TimeControl "180+1"]
[Date "2022.08.16"]
[WhiteClock "0:00:04"]
[BlackClock "0:00:06"]

1. c4 c6 2. Nf3 d5 3. e3 Nf6 4. b3 Bf5 5. Bb2 e6 6. Nh4 Bg6 7. Nxg6 hxg6 8. Nc3 Nbd7 9. Be2 Bd6 10. h3 a6 11. Qc2 Qe7 12. a3 b5 13. cxd5 cxd5 14. d4 O-O 15. Qd3 Rfc8 16. O-O Rc7 17. Rfc1 Rac8 18. a4 b4 19. Na2 Rxc1+ 20. Rxc1 Rxc1+ 21. Nxc1 Nb8 22. Qc2 Qb7 23. Nd3 Ne4 24. Bf3 Qc6 25. Qd1 Nd7 26. g3 f5 27. h4 Qc7 28. Nf4 Kf7 29. Qd3 Qc6 30. Kg2 Ndf6 31. Be2 a5 32. Nh3 Ke7 33. Qd1 Nc3 34. Qc2 Qc7 35. Nf4 Kf7 36. Bd3 Nfe4 37. Bc1 g5 38. hxg5 Nxg5 39. Bd2 Nge4 40. Bxc3 bxc3 41. Qd1 Qb7 42. Qh5+ Ke7 43. Qh4+ Kd7 44. Bc2 Bxf4 45. gxf4 Qb4 46. Qh7 Qe7 47. f3 Nf6 48. Qg6 Kc7 49. Kf2 Kb6 50. Ke2 Nd7 51. Qg1 Nb8 52. Qe1 Qb4 53. Qg1 Qe7 54. Qe1 Qb4 55. Qg3 Qe7 56. Qe1 1/2-1/2


[Site "https://www.chess.com"]

[Event "Titled Tuesday Blitz August 16 Late 2022"]
[White "Harshavardhan G B"]
[Black "Przybylski, Wojciech"]
[WhiteFideId "25059009"]
[BlackFideId "1117599"]
[WhiteElo "1890"]
[BlackElo "2133"]
[Result "0-1"]
[Round "06"]
[TimeControl "180+1"]
[Date "2022.08.16"]
[WhiteClock "0:00:36"]
[BlackClock "0:00:26"]

1. d4 Nf6 2. c4 e6 3. Nc3 Bb4 4. f3 d5 5. a3 Bxc3+ 6. bxc3 c5 7. cxd5 Nxd5 8. dxc5 Qa5 9. e4 Ne7 10. Ne2 O-O 11. Be3 Nd7 12. Qc2 e5 13. Ng3 Nxc5 14. Bc4 Be6 15. Bxe6 Nxe6 16. O-O Rac8 17. Rfc1 h6 18. Nf5 Nxf5 19. exf5 Nd4 20. Bxd4 exd4 21. c4 Rfe8 22. f6 gxf6 23. Qd3 Rcd8 24. c5 Re3 25. Qf5 Re6 26. Qg4+ Kf8 27. Qf4 d3 28. Qxh6+ Ke7 29. h4 d2 30. Rd1 Qxc5+ 31. Kh2 Qd6+ 32. Kh3 Re2 33. Rab1 b6 34. Rb3 Qe6+ 35. Kh2 Qxb3 0-1


[Site "https://www.chess.com"]

[Event "Titled Tuesday Blitz August 16 Late 2022"]
[White "Harvey, Marcus R"]
[Black "Avila Pavas, Santiago"]
[WhiteFideId "400092"]
[BlackFideId "4437128"]
[WhiteElo "2485"]
[BlackElo "2291"]
[Result "0-1"]
[Round "06"]
[TimeControl "180+1"]
[Date "2022.08.16"]
[WhiteClock "0:00:01"]
[BlackClock "0:00:08"]

1. c4 Nf6 2. Nf3 e6 3. b3 d5 4. Bb2 b6 5. g3 Bb7 6. cxd5 exd5 7. Bg2 Nbd7 8. O-O a6 9. Nc3 Bd6 10. d4 O-O 11. e3 Qe7 12. Rc1 Rae8 13. Qc2 c6 14. Nd2 g6 15. Rfe1 Nh5 16. e4 f5 17. e5 Ba3 18. Bxa3 Qxa3 19. f4 Ng7 20. Ne2 Ne6 21. Nf3 Rc8 22. Qd2 Rfe8 23. h4 h5 24. Ng5 Ndf8 25. Rc2 Red8 26. Rec1 c5 27. dxc5 bxc5 28. Kh2 Ba8 29. b4 d4 30. Bxa8 Rxa8 31. Rc4 d3 32. Ng1 cxb4 33. Rc6 Nxg5 34. hxg5 Rab8 35. e6 Re8 36. Re1 b3 37. axb3 Rxb3 38. Qe3 Qb2+ 39. Kh3 d2 40. Qa7 Rxg3+ 41. Kxg3 dxe1=Q+ 42. Kh3 Qf1+ 0-1


[Site "https://www.chess.com"]

[Event "Titled Tuesday Blitz August 16 Late 2022"]
[White "Holt, Conrad"]
[Black "Pinheiro, Iung Alicio de O."]
[WhiteFideId "2034387"]
[BlackFideId "2104350"]
[WhiteElo "2586"]
[BlackElo "2283"]
[Result "1-0"]
[Round "06"]
[TimeControl "180+1"]
[Date "2022.08.16"]
[WhiteClock "0:00:36"]
[BlackClock "0:00:08"]

1. d4 Nf6 2. c4 g6 3. Nc3 d5 4. e3 Bg7 5. Qb3 e6 6. Qa3 Nc6 7. Nf3 Ne7 8. Bd3 O-O 9. O-O b6 10. c5 c6 11. cxb6 Re8 12. bxa7 Bf8 13. Bd2 Nf5 14. Qa4 Qb6 15. Qc2 Ba6 16. Na4 Qxa7 17. Bxa6 Qxa6 18. b3 Bd6 19. Rfc1 Rec8 20. Nc5 Qa7 21. Bb4 Qe7 22. a3 Nd7 23. Nxd7 Qxd7 24. Bxd6 Qxd6 25. a4 f6 26. h3 Qd7 27. e4 Nd6 28. e5 Nf5 29. exf6 Qd8 30. g4 Nd6 31. g5 Ne4 32. Re1 c5 33. dxc5 Rxc5 34. Qd1 Qc7 35. Rc1 Rc8 36. Rxc5 Qxc5 37. Qd4 Qd6 38. Rxe4 Rc1+ 39. Kg2 1-0


[Site "https://www.chess.com"]

[Event "Titled Tuesday Blitz August 16 Late 2022"]
[White "Howell, David W L"]
[Black "Martin Barcelo, Carles"]
[WhiteFideId "410608"]
[BlackFideId "24561444"]
[WhiteElo "2559"]
[BlackElo "1922"]
[Result "1-0"]
[Round "06"]
[TimeControl "180+1"]
[Date "2022.08.18"]
[WhiteClock "0:00:00"]
[BlackClock "0:00:00"]

1. d4 Nf6 2. c4 e6 3. Nf3 Bb4+ 4. Nbd2 O-O 5. a3 Bxd2+ 6. Qxd2 d6 7. b3 b6 8. Bb2 Bb7 9. e3 Nbd7 10. Bd3 Ne4 11. Qc2 f5 12. O-O Ndf6 13. Ne1 Nd7 14. f3 Nef6 15. Rd1 Qe7 16. Qc3 g6 17. Bc2 Rae8 18. Nd3 e5 19. dxe5 dxe5 20. Nf2 Rd8 21. Rd2 Rde8 22. Rfd1 Bc8 23. b4 c5 24. Ba4 Kf7 25. Bc6 Rd8 26. b5 Nb8 27. Rxd8 Rxd8 28. Rxd8 Qxd8 29. Qxe5 Be6 30. h4 Bxc4 31. Nh3 h6 32. Nf4 a6 33. a4 axb5 34. axb5 Nbd7 35. Bxd7 Nxd7 36. Qg7+ Ke8 37. Qh8+ Ke7 38. Nxg6+ 1-0


[Site "https://www.chess.com"]

[Event "Titled Tuesday Blitz August 16 Late 2022"]
[White "Ibarra Jerez, Jose Carlos"]
[Black "Mcconnell, Sullivan"]
[WhiteFideId "2226332"]
[BlackFideId "30934885"]
[WhiteElo "2628"]
[BlackElo "2687"]
[Result "1-0"]
[Round "06"]
[TimeControl "180+1"]
[Date "2022.08.16"]
[WhiteClock "0:00:13"]
[BlackClock "0:00:20"]

1. Nf3 Nf6 2. g3 g6 3. b3 Bg7 4. Bb2 b6 5. Bg2 Bb7 6. c4 O-O 7. O-O c5 8. Nc3 Nc6 9. d4 d6 10. d5 Ne5 11. Nd2 Nfd7 12. h3 f5 13. f4 Nf7 14. e4 fxe4 15. Ndxe4 Nf6 16. Nd2 Bc8 17. Qe2 a6 18. a4 a5 19. Rae1 Ra7 20. Nf3 Nh5 21. Kh2 Re8 22. Qd2 Nf6 23. g4 Bh8 24. Nb5 Rb7 25. Re2 Bd7 26. Rfe1 Bxb5 27. axb5 Rc7 28. Kg3 Rb7 29. h4 Qc8 30. Bh3 Qd8 31. Kh2 Ra7 32. g5 Nh5 33. Bxh8 Kxh8 34. f5 a4 35. bxa4 Rxa4 36. Qc3+ Kg8 37. f6 Ra7 38. Re4 Ra2+ 39. Kg1 Qa8 40. Rxe7 Rf8 41. Be6 Ra3 42. Bxf7+ Kh8 43. Qxa3 Qxa3 44. Re8 Nxf6 45. gxf6 h5 46. Rxf8+ 1-0


[Site "https://www.chess.com"]

[Event "Titled Tuesday Blitz August 16 Late 2022"]
[White "Isajevsky, Anton"]
[Black "Fier, Alexandr"]
[WhiteFideId "4142500"]
[BlackFideId "2107139"]
[WhiteElo "2510"]
[BlackElo "2598"]
[Result "1-0"]
[Round "06"]
[TimeControl "180+1"]
[Date "2022.08.16"]
[WhiteClock "0:00:04"]
[BlackClock "0:00:17"]

1. c4 Nf6 2. Nc3 b6 3. e4 Bb7 4. d3 e5 5. g3 Nc6 6. Bg2 Bc5 7. Nge2 h5 8. h3 d6 9. Be3 Bc8 10. d4 exd4 11. Nxd4 Nxd4 12. Bxd4 Be6 13. Nd5 Bxd5 14. cxd5 h4 15. g4 Qe7 16. O-O Bxd4 17. Qxd4 Qe5 18. Qa4+ Nd7 19. f4 Qxb2 20. e5 b5 21. Qa5 Qd4+ 22. Kh1 Qb6 23. Qc3 O-O 24. e6 Nc5 25. f5 f6 26. Qe1 Nd3 27. Qxh4 Qe3 28. Rad1 Ne5 29. Rfe1 Qh6 30. Qg3 a5 31. h4 g5 32. fxg6 Qxg6 33. Bh3 Kh8 34. Rf1 Rg8 35. Rd4 Raf8 36. Kh2 f5 37. g5 b4 38. Rdf4 Qh5 39. Bxf5 Qe2+ 40. R1f2 Qe1 41. Bh3 Rxf4 42. Qxf4 Ng6 43. Qf6+ Rg7 44. h5 Qe5+ 45. Qxe5 Nxe5 46. Rf8+ Kh7 47. Bf5+ Ng6 48. Bxg6+ Rxg6 49. hxg6+ Kg7 50. e7 Kxg6 51. e8=Q+ Kxg5 52. Qe6 1-0


[Site "https://www.chess.com"]

[Event "Titled Tuesday Blitz August 16 Late 2022"]
[White "Jorajuria Mendoza, Algol"]
[Black "Sokolovsky, Yahli"]
[WhiteFideId "5128897"]
[BlackFideId "2820242"]
[WhiteElo "1600"]
[BlackElo "1867"]
[Result "0-1"]
[Round "06"]
[TimeControl "180+1"]
[Date "2022.08.18"]
[WhiteClock "0:00:00"]
[BlackClock "0:00:00"]

1. e4 g6 2. d4 Bg7 3. Nc3 d6 4. Bc4 e6 5. Be3 Nf6 6. f3 d5 7. exd5 exd5 8. Bd3 Qe7 9. Qe2 O-O 10. Bf4 Qb4 11. O-O-O Nc6 12. a3 Qxd4 13. Bxc7 Re8 14. Qf1 Qc5 15. Nge2 Nb4 16. axb4 Qxc7 17. Nd4 Qb6 18. Bb5 Rd8 19. Na4 Qd6 20. c3 a5 21. bxa5 Rxa5 22. Qd3 Bd7 23. Bxd7 Qxd7 24. b3 b5 25. Nc5 Qa7 26. b4 Ra1+ 27. Kd2 Bh6+ 28. Ke2 Re8+ 29. Kf2 Ra2+ 30. Kg3 Qc7+ 0-1


[Site "https://www.chess.com"]

[Event "Titled Tuesday Blitz August 16 Late 2022"]
[White "Kaganskiy, Gleb"]
[Black "Moore, Alex"]
[WhiteFideId "4132025"]
[BlackFideId "30910692"]
[WhiteElo "2165"]
[BlackElo "1912"]
[Result "0-1"]
[Round "06"]
[TimeControl "180+1"]
[Date "2022.08.18"]
[WhiteClock "0:00:00"]
[BlackClock "0:00:00"]

1. e4 c6 2. d4 d5 3. Nd2 dxe4 4. Nxe4 Nf6 5. Nxf6+ exf6 6. c3 Bd6 7. Bd3 O-O 8. Qc2 Re8+ 9. Ne2 g6 10. O-O Qc7 11. h3 Nd7 12. Bd2 f5 13. Rae1 Nf6 14. c4 Ne4 15. Bxe4 fxe4 16. Bc3 f5 17. d5 cxd5 18. cxd5 Be5 19. Nd4 Bxd4 20. Qb3 Bxc3 21. d6+ Be6 22. Qxc3 Qxc3 23. bxc3 Red8 24. Rb1 b6 0-1


[Site "https://www.chess.com"]

[Event "Titled Tuesday Blitz August 16 Late 2022"]
[White "Kambrath, Yannick"]
[Black "Miszler, Levente"]
[WhiteFideId "20632525"]
[BlackFideId "763276"]
[WhiteElo "2236"]
[BlackElo "1966"]
[Result "1/2-1/2"]
[Round "06"]
[TimeControl "180+1"]
[Date "2022.08.18"]
[WhiteClock "0:00:00"]
[BlackClock "0:00:00"]

1. e4 e6 2. d4 d5 3. Nd2 f5 4. exf5 exf5 5. Ngf3 Nf6 6. Bd3 Bd6 7. O-O O-O 8. Ne5 Be6 9. c4 Nbd7 10. Re1 Ne4 11. Nxd7 Bxh2+ 12. Kxh2 Qh4+ 13. Kg1 Qxf2+ 14. Kh1 Qh4+ 15. Kg1 Qf2+ 16. Kh1 Qh4+ 17. Kg1 Qf2+ 1/2-1/2


[Site "https://www.chess.com"]